 Dungeon Crawl Stone Soup version 0.28.0-53-g5a82cb258f (webtiles) character file.

Game seed: 7616584702217699904

2634 issech the Bolt Thrower (level 9, 0/68 HPs)
             Began as a Human Hunter on May 21, 2022.
             Was an Initiate of Hepliaklqana.
             Slain by a gargoyle
             ... wielding a +2 vorpal mace
              (1 damage)
             ... on level 7 of the Dungeon.
             The game lasted 00:39:06 (9767 turns).

issech the Bolt Thrower (Human Hunter)              Turns: 9767, Time: 00:39:07

Health: 0/68       AC:  8    Str: 27    XL:     9   Next: 92%
Magic:  9/9        EV: 13    Int: 14    God:    Hepliaklqana [......]
Gold:   336        SH: 10    Dex: 17    Spells: 8/8 levels left

rFire   . . .      SeeInvis +   R - +3 flail
rCold   . . .      Faith    .   j - +0 buckler
rNeg    . . .      Spirit   .   D - +3 leather armour of an ossuary {Str+8 Int+2}
rPois   .          Reflect  +   U - +0 hat
rElec   .          Harm     .   B - +0 cloak
rCorr   .          Rampage  .   (no gloves)
Will    .....                   f - +0 pair of boots
Stlth   ++........              Q - amulet of reflection
HPRegen 0.21/turn               S - +6 ring of strength
MPRegen 0.11/turn               z - ring of see invisible

@: no status effects
A: no striking features
a: Renounce Religion


You were on level 7 of the Dungeon.
You worshipped Hepliaklqana.
Hepliaklqana was noncommittal.
You visited 1 branch of the dungeon, and saw 7 of its levels.

You collected 336 gold pieces.

Inventory:

Hand Weapons
 a - a +1 hand crossbow
 l - a +0 trident
 m - a +0 shortbow
 n - a +3 dagger
 r - a +0 hunting sling
 w - a +1 dagger of electrocution
 H - a +0 war axe
 P - a +1 dagger of protection
 R - a +3 flail (weapon)
 T - a +2 short sword of venom
Missiles
 c - 10 poisoned darts
 d - 13 bolts
 e - 219 stones (quivered)
 t - 80 sling bullets
 I - 144 arrows
 X - 3 boomerangs
Armour
 f - a +0 pair of boots (worn)
 j - a +0 buckler (worn)
 B - a +0 cloak (worn)
 D - the +3 leather armour of an ossuary (worn) {Str+8 Int+2}
   (You found it on level 3 of the Dungeon)

   Str:       It affects your strength (+8).
   Int:       It affects your intelligence (+2).
 F - a +0 scale mail
 G - a +0 chain mail
 N - a +0 robe of willpower
 U - a +0 hat (worn)
Jewellery
 y - a ring of magical power
 z - a ring of see invisible (right hand)
 Q - an amulet of reflection (around neck)
 S - a +6 ring of strength (left hand)
 V - a ring of wizardry
Wands
 k - a wand of paralysis (9)
Scrolls
 b - a scroll of fear
 s - 2 scrolls of blinking
 E - a scroll of vulnerability {unknown}
 K - 2 scrolls of teleportation
 M - a scroll of brand weapon
 O - 2 scrolls of enchant armour
 W - a scroll of enchant weapon {unknown}
 Y - a scroll of amnesia {unknown}
Potions
 g - a potion of degeneration {unknown}
 h - 2 potions of flight {unknown}
 i - 2 potions of lignification {unknown}
 o - a potion of haste {unknown}
 p - 3 potions of heal wounds {unknown}
 q - 2 potions of resistance {unknown}
 u - 2 potions of mutation {unknown}
 v - 6 potions of curing {unknown}
 x - a potion of attraction {unknown}
 A - a potion of might {unknown}
 C - 2 potions of experience {unknown}


   Skills:
 + Level 5.0 Fighting
 + Level 5.5 Short Blades
 + Level 4.7(5.7) Slings
 + Level 6.0 Crossbows
 + Level 4.9(5.8) Throwing
 + Level 3.2 Armour
 + Level 3.7 Dodging
 + Level 2.7 Stealth
 + Level 2.2 Shields


You had 8 spell levels left.
You didn't know any spells.
Your spell library contained the following spells:

 Spells                   Type           Power      Damage    Failure   Level
 Animate Skeleton         Necr           0%         N/A       41%         1
 Apportation              Tloc           0%         N/A       41%         1
 Magic Dart               Conj           0%         1d3       41%         1
 Pain                     Necr           0%         1d4       41%         1
 Summon Small Mammal      Summ           0%         N/A       41%         1
 Call Imp                 Summ           0%         N/A       54%         2
 Call Canine Familiar     Summ           0%         N/A       78%         3
 Mephitic Cloud           Conj/Pois/Air  0%         N/A       78%         3
 Portal Projectile        Hex/Tloc       0%         N/A       78%         3
 Vampiric Draining        Necr           0%         2d6       78%         3
 Animate Dead             Necr           0%         N/A       99%         4
 Leda's Liquefaction      Hex/Erth       0%         N/A       99%         4
 Haunt                    Necr/Summ      0%         N/A       100%        7
 Infestation              Necr           0%         N/A       100%        8


Dungeon Overview and Level Annotations

Branches:
Dungeon (7/15)
 Temple: D:4-7

Altars:
Ashenzari
Cheibriados
Dithmenos
Fedhas
Hepliaklqana
Qazlal
Xom


Message History

You shoot a bolt.
The bolt completely misses the gargoyle.
You shoot a bolt.
The bolt completely misses the gargoyle.
The gargoyle hurls a stone arrow at you.
The stone arrow hits you!
The gargoyle hurls a stone arrow at you.
The stone arrow hits you!!
You shoot a bolt.
The bolt hits the gargoyle but does no damage.
R - a +3 flail (weapon)
You hit the gargoyle but do no damage. The gargoyle barely misses you.
The gargoyle hits you with a +2 vorpal mace.
You barely miss the gargoyle. The gargoyle closely misses you.
You hit the gargoyle.
The gargoyle is lightly damaged.
The gargoyle closely misses you.
You hit the gargoyle but do no damage.
The gargoyle is lightly damaged.
The gargoyle misses you.
The gargoyle hits you with a +2 vorpal mace!
You hit the gargoyle.
The gargoyle is lightly damaged.
The gargoyle barely misses you.
You hit the gargoyle but do no damage.
The gargoyle is lightly damaged.
You block the gargoyle's attack.
The gargoyle hurls a stone arrow at you.
The stone arrow misses you.
You hit the gargoyle but do no damage.
The gargoyle is lightly damaged.
The gargoyle hurls a stone arrow at you.
The stone arrow hits you!!
* * * LOW HITPOINT WARNING * * *
You hit the gargoyle.
The gargoyle is moderately damaged.
The gargoyle closely misses you.
The gargoyle hits you with a +2 vorpal mace!
* * * LOW HITPOINT WARNING * * *
You die...

≈≈≈≈...≈≈≈≈≈## .. ...# #..#
≈≈≈≈≈≈≈≈≈≈≈≈###.# ..## #.#
≈≈)≈≈≈≈≈≈≈≈≈..... ... ..
≈≈≈≈≈≈≈≈≈≈≈≈...## ## #
≈≈≈≈≈≈≈≈≈≈≈≈..## #
≈≈≈≈≈≈≈≈≈≈≈≈#.# ####
....#.........### #...
................###### ###...
#.##÷.........#.@9.(.# ##.....
#.........##...#####.######..#...
######.#..###......#....##.......
###.##.....####..9.........###
#...####.#.......######....# #
#.######......##..# #...>###
#.##.....<#.......## #.......
#.##.###.###..##...## #.......
#.# #...# ##..#....###.......


You could see a gargoyle.

Vanquished Creatures
  3 water moccasins
  3 ice beasts
  3 black bears
  A necrophage (D:7)
  3 ogres
  2 centaurs (D:7)
  A phantom (D:4)
  A bullfrog (D:4)
  A scorpion (D:6)
  A water moccasin zombie (D:5)
  3 wights (D:7)
  2 bullfrog zombies
  2 hounds
  An iron imp (D:7)
  5 jellies
  An orc priest (D:5)
  2 bullfrog skeletons
  2 iguanas
  4 orc wizards
  A scorpion zombie (D:4)
  2 hound skeletons (D:4)
  4 gnolls (D:4)
  11 adders
  A shadow imp (D:6)
  An ufetubus (D:5)
  7 worms
  5 dart slugs
  23 orcs
  7 bats
  17 endoplasms
  3 giant cockroaches
  16 goblins
  6 hobgoblins
  8 jackals
  17 kobolds
  2 quokkas
  7 ball pythons
  5 frilled lizards
  5 rats
189 creatures vanquished.

Vanquished Creatures (others)
  An orc warrior (D:6)
  A bullfrog (D:6)
  A scorpion (D:6)
  An adder (D:6)
  A shadow imp (D:6)
  3 orcs (D:6)
  12 fungi (D:4)
  3 toadstools (D:4)
23 creatures vanquished.

Grand Total: 212 creatures vanquished

Notes
Turn   | Place    | Note
-------+----------+-------------------------------------------
     0 | D:1      | issech the Human Hunter began the quest for the Orb.
     0 | D:1      | Reached XP level 1. HP: 16/16 MP: 1/1
    53 | D:1      | Reached XP level 2. HP: 22/22 MP: 2/2
    77 | D:1      | Found a faded altar of an unknown god.
   483 | D:1      | Reached XP level 3. HP: 27/27 MP: 3/3
   809 | D:2      | Reached skill level 5 in Crossbows
   863 | D:2      | Reached XP level 4. HP: 28/33 MP: 4/4
  1480 | D:2      | Reached XP level 5. HP: 32/39 MP: 5/5
  1501 | D:2      | Reached skill level 1 in Short Blades
  2243 | D:3      | Reached skill level 1 in Armour
  2564 | D:3      | Identified the +3 leather armour of an ossuary {Str+8
                  | Int+2}
  2822 | D:3      | Reached skill level 1 in Throwing
  2837 | D:3      | Reached XP level 6. HP: 34/46 MP: 6/6
  3073 | D:3      | Reached skill level 1 in Slings
  4149 | D:4      | Found a broken altar of Ashenzari.
  4201 | D:4      | Noticed an ogre
  4209 | D:4      | Killed an ogre
  4210 | D:4      | Reached XP level 7. HP: 52/52 MP: 7/7
  4337 | D:4      | Found a stormy altar of Qazlal.
  5452 | D:4      | Reached XP level 8. HP: 58/58 MP: 8/8
  6422 | D:5      | Entered Level 5 of the Dungeon
  6639 | D:5      | Reached skill level 6 in Crossbows
  7711 | D:6      | Reached XP level 9. HP: 62/66 MP: 9/9
  7945 | D:6      | Reached skill level 1 in Shields
  7984 | D:6      | Reached skill level 5 in Short Blades
  8248 | D:6      | Found a shimmering altar of Xom.
  8988 | D:7      | Noticed a hornet
  9311 | D:7      | Found a hazy altar of Hepliaklqana.
  9321 | D:7      | Found a shadowy altar of Dithmenos.
  9328 | D:7      | Became a worshipper of Hepliaklqana the Forgotten
  9399 | D:7      | Found a snail-covered altar of Cheibriados.
  9544 | D:7      | Found a blossoming altar of Fedhas.
  9643 | D:7      | Reached skill level 5 in Fighting
  9652 | D:7      | Noticed a gargoyle
  9767 | D:7      | HP: 1/68 [gargoyle/+2 vorpal mace (7)]
  9767 | D:7      | Slain by a gargoyle

Illustrated notes

Levels and vault maps discovered:
D:1:      sevenhm_arrival_forest_fort_small_4, layout_loops_cross,
          chequers_ecumenical_altar_simple_redux,
          hangedman_abyss_or_decor_lesser_grid, chequers_serial_rivers_micro_b
D:2:      layout_loops_ring, minmay_goblin_outpost
D:3:      minmay_door_path, layout_loops_cross, nicolae_wormholes
D:4:      cheibrodos_fertilizer, layout_layer_cave, grunt_qazlal_clouds,
          nicolae_ashenzari_panopticon, minmay_joined_circles
D:5:      layout_basic, grunt_ministairs_13
D:6:      layout_loops_ring, xom_confusion_cloud
D:7:      nicolae_whirlpool, layout_rooms, riverfiend_overflow_shadow_ancestor,
          slow_altar_1, mainiacjoe_overflow_cross_hatched,
          minmay_temple_entry_gardened_gates

Skill      XL: |  1  2  3  4  5  6  7  8  9 |
---------------+----------------------------+-----
Crossbows      | 5 6 |  6.0
Short Blades   | 1 2 3 4 5 |  5.5
Armour         | 1 2 3 |  3.2
Throwing       | 1 3 4 |  4.9
Slings         | 3 4 |  4.7
Fighting       | 3 4 5 |  5.0
Stealth        | 2 |  2.7
Dodging        | 3 |  3.7
Shields        | 2 |  2.2

Action                   |  1- 3 |  4- 6 |  7- 9 || total
-------------------------+-------+-------+-------++-------
Melee: Dagger            |     1 |   112 |   118 ||   231
       Punch             |       |       |     6 ||     6
       Short sword       |       |       |   253 ||   253
       Flail             |       |       |     8 ||     8
 Fire: Hand crossbow     |    56 |    22 |    22 ||   100
       Hunting sling     |       |    69 |    90 ||   159
Throw: Stone             |     3 |    59 |    95 ||   157
       Boomerang         |       |       |    24 ||    24
       Dart              |       |       |     2 ||     2
  Use: Scroll            |       |       |     6 ||     6
 Stab: Sleeping          |       |       |     1 ||     1
Armor: Ring mail         |     4 |    23 |       ||    27
       Leather armour    |       |    14 |    90 ||   104
Dodge: Dodged            |    14 |    81 |   147 ||   242
Block: Other             |       |       |    14 ||    14
       Buckler           |       |       |    52 ||    52
       Reflection        |       |       |     6 ||     6
